 Dungeon Crawl Stone Soup version 0.28.0-62-gf88900778d (webtiles) character file.

Game seed: 8304832183168906375

67 jjjjhere the Sneak (level 4, -1/27 HPs)
             Began as an Octopode Enchanter on Aug 18, 2023.
             Slain by Sigmund
             ... wielding a +0 scythe
              (9 damage)
             ... on level 2 of the Dungeon.
             The game lasted 00:03:05 (2480 turns).

jjjjhere the Sneak (Octopode Enchanter)             Turns: 2480, Time: 00:03:05

Health: -1/27      AC:  1    Str:  7    XL:     4   Next: 16%
Magic:  4/7        EV: 13    Int: 19    God:
Gold:   67         SH:  0    Dex: 12    Spells: 2/7 levels left

rFire   . . .      SeeInvis .   h - +4 short sword
rCold   . . .      Faith    .   (no shield)
rNeg    . . .      Spirit   .   (helmet restricted)
rPois   .          Reflect  .   (no amulet)
rElec   .          Harm     .   (no ring)
rCorr   .          Rampage  .   (no ring)
Will    .....                   (no ring)
Stlth   ++++......              (no ring)
HPRegen 0.09/turn               (no ring)
MPRegen 0.10/turn               (no ring)
                                (no ring)
                                (no ring)

@: confusing by touch
A: almost no armour, amphibious, 8 rings, camouflage 1, gelatinous body 1,
(nimble swimmer 1), tentacles
a: no special abilities


You were on level 2 of the Dungeon.
You visited 1 branch of the dungeon, and saw 2 of its levels.

You collected 67 gold pieces.

Inventory:

Hand Weapons
 a - a +1 dagger
 c - a +0 rapier
 h - a +4 short sword (weapon)
Scrolls
 e - a scroll of blinking {unknown}
 i - a scroll of magic mapping {unknown}
 j - a scroll of torment {unknown}
 k - 2 scrolls of identify {unknown}
Potions
 b - a potion of invisibility
 d - a potion of flight {unknown}
 f - a potion of brilliance {unknown}
 g - a potion of attraction {unknown}
 l - a potion of ambrosia {unknown}


   Skills:
 - Level 1.0 Short Blades
 - Level 2.0 Dodging
 + Level 5.6 Stealth
 + Level 2.0 Spellcasting
 - Level 4.0 Hexes


You had 2 spell levels left.
You knew the following spells:

 Your Spells              Type           Power      Damage    Failure   Level
a - Ensorcelled Hibernat  Hex/Ice        18%        N/A       11%         2
b - Confusing Touch       Hex            17%        N/A       10%         3

Your spell library contained the following spells:

 Spells                   Type           Power      Damage    Failure   Level
 Shock                    Conj/Air       4%         1d3       17%         1
 Tukima's Dance           Hex            17%        N/A       10%         3
 Dazzling Flash           Conj/Hex       18%        N/A       22%         3
 Swiftness                Air            1%         N/A       45%         3
 Airstrike                Air            0%         N/A       86%         4


Dungeon Overview and Level Annotations

Branches:
Dungeon (2/15)

Altars:

Annotations:
D:2 Sigmund


Innate Abilities, Weirdness & Mutations

You cannot wear most types of armour.
You are amphibious.
You can wear up to eight rings at the same time.
Your skin changes colour to match your surroundings (Stealth+).
Your rubbery body absorbs attacks. (AC +1, EV +1)
((You are camouflaged when in or above water. (Stealth+)))
You have tentacles for arms and can constrict up to eight enemies at once.


Message History

Casting: Ensorcelled Hibernation (safe; 11% risk of failure)
Confirm with . or Enter, or press ? or * to list all spells.
Okay, then.
Casting: Ensorcelled Hibernation (safe; 11% risk of failure)
Confirm with . or Enter, or press ? or * to list all spells.
The spell is quite dangerous to miscast (10% risk of failure)!
Continue anyway?
Your tentacles begin to glow red.
Sigmund shouts!
Sigmund gestures wildly while chanting.
Sigmund flickers and vanishes!
Deactivating autopickup; reactivate with Ctrl-A.
There is a stone staircase leading up here.
You climb upwards.
Reactivating autopickup.
There is a stone staircase leading down here.
Unknown command.
You start resting.
Your tentacles stop glowing.
You start resting.
Magic restored.
You start waiting.
Done waiting.
Casting: Confusing Touch (quite dangerous; 10% risk of failure)
Confirm with . or Enter, or press ? or * to list all spells.
The spell is quite dangerous to miscast (10% risk of failure)!
Continue anyway? [Y]es or [N]o only, please.
The spell is quite dangerous to miscast (10% risk of failure)!
Continue anyway?
Your tentacles begin to glow red.
You climb downwards.
Level annotation: Sigmund Sigmund points at you and mumbles some strange words.
The magic dart hits you!
Sigmund points at you and mumbles some strange words.
The puff of flame hits you!
* * * LOW HITPOINT WARNING * * *
There is a stone staircase leading up, spattered with blood here.
Unknown command.
Sigmund screams, "Die, monster!"
Sigmund hits you from afar with a +0 scythe!
You die...

.........###.##.#.# #...#
#^#..#######.##.#.#### #...##
#.#..#.......##......# #.....
.....#.......####.##.#######.....
.....#.......####.##.............
#.#..#............[....>....)....
#.#..#.......###.@...............
#.#..#.......# #.#.....####......
#.#..######### #@..#...# #.......
#.#..# #.#....####.....## .....#
#...(..#8^.......^ #.....
#######.###^#.......# ###
#....@..# #.......... #.#######
###.##_##.# ###8^..#.#..^
#.######.#### ###.# ##.### #.


You could see Sigmund.

Vanquished Creatures
  2 adders (D:2)
  3 endoplasms
  A giant cockroach (D:2)
  3 goblins (D:1)
  5 hobgoblins (D:2)
  3 jackals (D:2)
  6 kobolds
  A quokka (D:1)
  8 ball pythons
  7 bats
  3 frilled lizards
  4 rats
46 creatures vanquished.

Notes
Turn   | Place    | Note
-------+----------+-------------------------------------------
     0 | D:1      | jjjjhere the Octopode Enchanter began the quest for the
                  | Orb.
     0 | D:1      | Reached XP level 1. HP: 11/11 MP: 3/3
   677 | D:1      | Reached XP level 2. HP: 17/17 MP: 5/5
   685 | D:1      | Learned a level 2 spell: Ensorcelled Hibernation
  1303 | D:2      | Reached XP level 3. HP: 21/21 MP: 6/6
  1437 | D:2      | Learned a level 3 spell: Confusing Touch
  1479 | D:2      | Reached skill level 5 in Stealth
  1486 | D:2      | Noticed Sigmund
  2117 | D:2      | Found a faded altar of an unknown god.
  2191 | D:2      | Reached XP level 4. HP: 27/27 MP: 7/7
  2479 | D:2      | HP: 8/27 [Sigmund/puff of flame (8)]
  2480 | D:2      | Slain by Sigmund

Illustrated notes

Levels and vault maps discovered:
D:1:      nicolae_arrival_somewhat_less_tricky_arrival, layout_loops_corners
D:2:      layout_loops_cross, shapermc_ecumenical_altar_mp_highgroup,
          uniq_sigmund

Skill      XL: |  1  2  3 |
---------------+----------+-----
Stealth        | 5 |  5.6
Hexes          | 4 |  4.0
Short Blades   | |  1.0
Dodging        | |  2.0
Spellcasting   | |  2.0

Action                   |  1- 3 |  4- 6 || total
-------------------------+-------+-------++-------
Melee: Dagger            |    17 |       ||    17
       Constrict         |    15 |     1 ||    16
       Tentacles         |    11 |     1 ||    12
       Short sword       |    48 |     3 ||    51
 Cast: Ensorcelled Hiber |     3 |       ||     3
       Confusing Touch   |       |     2 ||     2
 Stab: Sleeping          |    21 |     1 ||    22
Armor: Skin              |     3 |       ||     3
Dodge: Dodged            |    28 |       ||    28
